 Dungeon Crawl Stone Soup version 0.28-a0-511-gcc94558de3 (webtiles) character file.

Game seed: 11942003956012127546

13827 meatgazer the Carver (level 11, 0/89 HPs)
             Began as a Demonspawn Abyssal Knight on Sept 21, 2021.
             Was an Elder of Lugonu.
             Slain by a death yak (5 damage)
             ... on level 2 of the Lair of Beasts.
             The game lasted 00:28:23 (15075 turns).

meatgazer the Carver (Demonspawn Abyssal Knight)   Turns: 15075, Time: 00:28:25

Health: 0/89       AC: 19    Str: 16    XL:     11   Next: 80%
Magic:  29/29      EV: 12    Int: 14    God:    Lugonu [****..]
Gold:   539        SH:  0    Dex: 25    Spells: 19/22 levels left

rFire   + . .      SeeInvis +   h - +8 double sword "Q" {protect, Drain rN+ rCorr Dex+9}
rCold   . . .      Faith    .   (no shield)
rNeg    + . .      Spirit   .   n - +4 scale mail of the Battered Friars {rF+}
rPois   .          Reflect  .   (helmet restricted)
rElec   .          Harm     .   (no cloak)
rCorr   +          Rampage  .   l - +0 pair of gloves
Will    .....                   k - +0 pair of boots
Stlth   ++........              (no amulet)
HPRegen 0.24/turn               e - ring of wizardry
MPRegen 0.21/turn               i - ring of Wynih {MP+9 SInv}

@: wereblooded (expiring), under a protective aura
A: antennae 1, repulsion field 2, foul stench 2, powered by death 1, fangs 1,
hooves 1, thin skeletal structure 1, strong 1
a: Renounce Religion, Depart the Abyss, Bend Space, Banish, Corrupt


You were on level 2 of the Lair of Beasts.
You worshipped Lugonu.
Lugonu was greatly pleased with you.
You visited 2 branches of the dungeon, and saw 11 of its levels.
You visited the Abyss 1 time.
You also visited: Sewer.

You collected 539 gold pieces.

Inventory:

Hand Weapons
 a - a +2 falchion
 h - the +8 double sword "Q" (weapon) {protect, Drain rN+ rCorr Dex+9}
   (You acquired it on level 3 of the Dungeon)

   It grants its wielder temporary protection when it strikes (+7 to AC).
   Dex:       It affects your dexterity (+9).
   rN:        It protects you from negative energy.
   rCorr:     It protects you from acid and corrosion.
   Drain:     It drains your maximum health when unequipped.
Armour
 f - a scarf of invisibility
 k - a +0 pair of boots (worn)
 l - a +0 pair of gloves (worn)
 n - the +4 scale mail of the Battered Friars (worn) {rF+}
   (You found it on level 5 of the Dungeon)

   rF:        It protects you from fire.
 w - +0 fire dragon scales
Jewellery
 e - a ring of wizardry (left hand)
 i - the ring of Wynih (right hand) {MP+9 SInv}
   (You acquired it on level 8 of the Dungeon)

   [ring of magical power]

   MP:        It affects your magic capacity (+9).
   SInv:      It lets you see invisible.
Wands
 g - a wand of flame (11)
 o - a wand of digging (6)
Scrolls
 b - a scroll of identify
 c - 4 scrolls of teleportation
 d - 3 scrolls of fear
 j - 5 scrolls of amnesia
 t - a scroll of magic mapping
Potions
 p - a potion of cancellation
 q - 3 potions of curing
 r - 3 potions of heal wounds
 u - a potion of brilliance
 v - a potion of flight


   Skills:
 + Level 9.0 Fighting
 * Level 10.8 Long Blades
 - Level 1.7 Armour
 - Level 0.8 Dodging
 + Level 6.2 Spellcasting
 + Level 6.8 Transmutations
 + Level 10.6 Invocations


You had 19 spell levels left.
You knew the following spells:

 Your Spells              Type           Power      Damage    Failure   Level
a - Beastly Appendage     Tmut           46%        N/A       1%          1
b - Wereblood             Tmut           23%        N/A       2%          2

Your spell library contained the following spells:

 Spells                   Type           Power      Damage    Failure   Level
 Spider Form              Tmut/Pois      6%         N/A       16%         3
 Foxfire                  Conj/Fire      16%        2x1d4     22%         1
 Ignite Poison            Fire/Tmut/Pois 10%        N/A       26%         3
 Corpse Rot               Necr/Air       N/A        N/A       32%         2
 Poisonous Vapours        Pois/Air       8%         N/A       32%         2
 Slow                     Hex            4%         N/A       32%         2
 Static Discharge         Conj/Air       4%         N/A       32%         2
 Sublimation of Blood     Necr           2%         N/A       32%         2
 Petrify                  Tmut/Erth      13%        N/A       45%         4
 Confusing Touch          Hex            4%         N/A       52%         3
 Conjure Flame            Conj/Fire      4%         6-21      52%         3
 Gell's Gravitas          Tloc           2%         N/A       52%         3
 Inner Flame              Hex/Fire       4%         N/A       52%         3
 Stone Arrow              Conj/Erth      8%         3d7       52%         3
 Teleport Other           Tloc           4%         N/A       52%         3
 Tukima's Dance           Hex            4%         N/A       52%         3
 Vampiric Draining        Necr           2%         2d6       52%         3
 Irradiate                Conj/Tmut      6%         3d15      80%         5
 Yara's Violent Unravell  Hex/Tmut       6%         3d5       80%         5
 Animate Armour           Summ/Erth      8%         N/A       89%         4
 Dispel Undead            Necr           4%         3d7       89%         4
 Flame Wave               Conj/Fire      4%         3d3       89%         4
 Passage of Golubria      Tloc           N/A        N/A       89%         4
 Sticky Flame             Conj/Fire      4%         2d3       89%         4
 Lightning Bolt           Conj/Air       2%         1d13      99%         5
 Dispersal                Tloc           2%         N/A       100%        6
 Summon Hydra             Summ           2%         N/A       100%        7
 Lehudib's Crystal Spear  Conj/Erth      2%         10d2      100%        8
 Maxwell's Capacitive Co  Air            2%         ∞         100%        8


Dungeon Overview and Level Annotations

Branches:
Dungeon (9/15)             Temple (0/1) D:7            Lair (2/6) D:8
  Sewer (visited)
  Swamp: Lair:2-4    Shoals: Lair:2-4     Snake: Lair:2-4    Spider: Lair:2-4
    Orc: D:9-12

Altars:

Shops:
D:2 ([   D:5 *

Annotations:
D:3 Pikel


Innate Abilities, Weirdness & Mutations

You have a pair of small antennae on your head.
You are surrounded by a moderate repulsion field. (EV +3)
You sometimes emit foul miasma when damaged in melee.
You regenerate a little health from kills.
You have very sharp teeth.
You have large cloven feet.
You have a somewhat thin skeletal structure. (Dex +2, Stealth+)
Your muscles are strong. (Str +2)


Message History

You slash the death yak!
The death yak is severely wounded.
You howl as the wereblood boils in your veins!
You slash the death yak!
The death yak is severely wounded.
The death yak is engulfed in dark miasma.
The death yak looks even sicker.
The death yak misses you.
You slash the death yak!
The death yak is almost dead.
You slash the death yak!
You feel a bit better.
You kill the death yak!
Lugonu accepts your kill.
Your Fighting skill increases to level 9!
You completely miss the death yak.
Your primal bloodlust is almost over.
The death yak gores you but does no damage.
You slash the death yak!
The death yak is lightly wounded.
The death yak gores you!
You slice the death yak!!
The death yak is heavily wounded.
The death yak barely misses you.
You slash the death yak!
The death yak is severely wounded.
You howl as the wereblood boils in your veins!
The death yak gores you!
* * * LOW HITPOINT WARNING * * *
You slash the death yak!
The death yak is almost dead.
You howl as the wereblood boils in your veins!
The death yak gores you!
* * * LOW HITPOINT WARNING * * *
You emit a cloud of foul miasma!
As you read the scroll of fear, it crumbles to dust.
You assume a fearsome visage.
The death yak easily resists.
The death yak resists with almost no effort.
You howl as the wereblood boils in your veins!
The death yak is engulfed in dark miasma.
The death yak is poisoned.
The death yak gores you.
You die...

...........#
#........
..........####
.........
.....###...#.#
...... ##.###
##...####
#...... ###
##...#.##
....... ##...#
.#.......
##..###........
#....#YY......
#..#..@#{......
#####$.##......
#..# P..#..
#### ### #


You could see 2 death yaks.

Vanquished Creatures
  2 two-headed ogres (D:8)
  A centaur warrior (D:8)
  2 death yaks (Lair:2)
  A manticore (D:8)
  2 cyclopes (D:8)
  2 cane toads
  A black mamba (Lair:2)
  A torpor snail (Lair:2)
  A rime drake (Lair:1)
  3 komodo dragons
  A troll (D:8)
  2 polar bears
  2 wyverns (Lair:1)
  Sigmund (D:4)
  2 basilisks
  A steam dragon (D:8)
  4 water moccasins
  A sky beast (D:8)
  3 ice beasts
  4 orc warriors (D:8)
  2 black bears (D:8)
  2 necrophages
  7 wolves
  3 ogres
  A lemure (D:4)
  A phantom (D:4)
  A kobold brigand (D:8)
  7 bullfrogs
  5 scorpions
  A wyvern skeleton (D:7)
  6 killer bees (D:8)
  2 howler monkeys
  6 wights (D:8)
  A bullfrog zombie (D:6)
  4 hounds
  2 jellies
  2 bullfrog skeletons (D:6)
  4 orc priests
  A centaur skeleton (D:6)
  3 iguanas (D:5)
  Terence (D:2)
  Natasha (thrice) (D:2)
  13 orc wizards
  A howler monkey zombie (D:8)
  2 adders
  A gnoll (D:1)
  A howler monkey skeleton (D:7)
  A white imp (D:4)
  A worm (D:2)
  2 dart slugs
  26 orcs
  9 ball pythons
  8 bats
  3 endoplasms
  16 giant cockroaches
  3 goblins (D:1)
  6 hobgoblins
  6 jackals
  13 quokkas
  10 frilled lizards
  10 kobolds
  A quokka skeleton (D:4)
  5 rats
240 creatures vanquished.

Vanquished Creatures (others)
  18 fungi
  13 plants
31 creatures vanquished.

Grand Total: 271 creatures vanquished

Notes
Turn   | Place    | Note
-------+----------+-------------------------------------------
     0 | Abyss:1  | meatgazer the Demonspawn Abyssal Knight began the quest for
                  | the Orb.
     0 | Abyss:1  | Reached XP level 1. HP: 18/18 MP: 2/2
    40 | Abyss:1  | Noticed a spatial vortex
    72 | Abyss:2  | Found a corrupted altar of Lugonu.
   129 | Abyss:4  | Found a corrupted altar of Lugonu.
   137 | Abyss:4  | Noticed a smoke demon
   139 | Abyss:4  | Noticed a tentacled starspawn
   139 | Abyss:4  | Noticed a tentacled starspawn
   140 | Abyss:4  | Noticed a large abomination
   142 | D:1      | Escaped the Abyss
   164 | D:1      | Reached * piety under Lugonu
   453 | D:1      | Gained mutation: You are surrounded by a mild repulsion
                  | field. (EV +2) [demonic ancestry]
   453 | D:1      | Reached XP level 2. HP: 23/24 MP: 3/3
   480 | D:1      | Learned a level 1 spell: Beastly Appendage
   770 | D:1      | Reached XP level 3. HP: 7/29 MP: 2/5
  1195 | D:1      | Reached skill level 1 in Spellcasting
  1347 | D:1      | You fall into a shaft and drop 1 floor!
  1362 | D:2      | Noticed Natasha
  1377 | D:2      | Killed Natasha
  1378 | D:2      | Reached skill level 1 in Transmutations
  1378 | D:2      | Reached XP level 4. HP: 20/35 MP: 6/6
  1381 | D:2      | Learned a level 2 spell: Wereblood
  1772 | D:2      | Reached ** piety under Lugonu
  1857 | D:2      | Noticed Natasha
  1857 | D:2      | You fall into a shaft and drop 2 floors!
  2171 | D:2      | Noticed Terence
  2181 | D:2      | Gained mutation: You have a somewhat thin skeletal
                  | structure. (Dex +2, Stealth+) [potion of mutation]
  2181 | D:2      | Gained mutation: You have very sharp teeth. [potion of
                  | mutation]
  2181 | D:2      | Gained mutation: You are frail. (-10% HP) [potion of
                  | mutation]
  2189 | D:2      | Killed Terence
  2588 | D:2      | Found Loigri's Weapon Shoppe.
  3033 | D:2      | Killed Natasha
  3034 | D:2      | Gained mutation: You have a pair of small antennae on your
                  | head. [demonic ancestry]
  3034 | D:2      | Reached XP level 5. HP: 25/37 MP: 7/7
  3461 | D:1      | Lost mutation: You are frail. (-10% HP) [potion of
                  | mutation]
  3461 | D:1      | Gained mutation: You have large cloven feet. [potion of
                  | mutation]
  3461 | D:1      | Gained mutation: Your muscles are strong. (Str +2) [potion
                  | of mutation]
  3777 | D:2      | Found Fagipec's Armour Boutique.
  3801 | D:2      | Found a faded altar of an unknown god.
  3989 | D:2      | Noticed Natasha
  3994 | D:2      | Killed Natasha
  4558 | D:3      | Identified a scroll of acquirement
  4558 | D:3      | Acquired the +8 double sword "Q" {protect, Drain rN+ rCorr
                  | Dex+9}
  5090 | D:4      | Noticed a lemure
  5092 | D:4      | Noticed a lemure
  5095 | D:4      | Noticed a lemure
  5096 | D:4      | Noticed Pikel
  5114 | D:4      | Noticed a lemure
  5115 | D:4      | Killed a lemure
  5496 | D:4      | Gained mutation: You may rarely emit foul miasma when
                  | damaged in melee. [demonic ancestry]
  5496 | D:4      | Reached XP level 6. HP: 47/48 MP: 9/9
  5650 | D:4      | Noticed a water moccasin
  5654 | D:4      | Killed a water moccasin
  5977 | D:4      | Noticed Sigmund
  5984 | D:4      | Killed Sigmund
  5985 | D:4      | Gained mutation: You regenerate a little health from kills.
                  | [demonic ancestry]
  5985 | D:4      | Reached XP level 7. HP: 55/55 MP: 7/11
  6707 | D:5      | Entered Level 5 of the Dungeon
  6713 | D:5      | Reached skill level 5 in Fighting
  6713 | D:5      | Reached skill level 5 in Long Blades
  6713 | D:5      | Gained mutation: You are surrounded by a moderate repulsion
                  | field. (EV +3) [demonic ancestry]
  6713 | D:5      | Reached XP level 8. HP: 49/62 MP: 9/12
  6785 | D:5      | Reached skill level 5 in Invocations
  6800 | D:5      | Identified the +4 scale mail of the Battered Friars {rF+}
  6849 | D:5      | Found a glowing drain.
  6853 | D:5      | Reached *** piety under Lugonu
  6882 | Sewer    | Entered a sewer
  7693 | D:5      | Found Yczunos's General Store.
  7888 | D:6      | Reached XP level 9. HP: 69/69 MP: 13/13
  8217 | D:6      | Reached **** piety under Lugonu
  8632 | D:7      | Found a staircase to the Ecumenical Temple.
  9760 | D:8      | Noticed a komodo dragon
  9789 | D:8      | Killed a komodo dragon
 10583 | D:8      | Gained mutation: You sometimes emit foul miasma when
                  | damaged in melee. [demonic ancestry]
 10583 | D:8      | Reached XP level 10. HP: 79/79 MP: 16/16
 10665 | D:8      | Noticed a manticore
 10670 | D:8      | Killed a manticore
 10777 | D:8      | Noticed a two-headed ogre
 10787 | D:8      | Killed a two-headed ogre
 10788 | D:8      | Reached skill level 5 in Transmutations
 10797 | D:8      | Noticed a cyclops
 10798 | D:8      | Noticed a cyclops
 10800 | D:8      | Noticed a centaur warrior
 10801 | D:8      | Noticed a two-headed ogre
 10921 | D:8      | Acquired the ring of Wynih {MP+9 SInv}
 11144 | D:8      | Found a staircase to the Lair.
 11147 | D:8      | Noticed an ice dragon
 11154 | D:8      | Banished an ice dragon
 11375 | D:8      | Killed a centaur warrior
 11467 | D:8      | Reached skill level 5 in Spellcasting
 11820 | D:8      | Killed a cyclops
 11924 | D:8      | Killed a cyclops
 11925 | D:8      | Reached XP level 11. HP: 75/86 MP: 18/18
 11953 | D:8      | Killed a two-headed ogre
 12456 | Lair:1   | Entered Level 1 of the Lair of Beasts
 12660 | Lair:1   | Reached skill level 10 in Long Blades
 13381 | Lair:1   | Reached skill level 10 in Invocations
 13974 | Lair:1   | Noticed a six-headed hydra
 13984 | Lair:1   | Banished a six-headed hydra
 14839 | Lair:2   | Noticed a death yak
 14847 | Lair:2   | Noticed a death yak
 14847 | Lair:2   | Noticed a death yak
 14848 | Lair:2   | Noticed a death yak
 14848 | Lair:2   | Noticed a death yak
 14848 | Lair:2   | Noticed a death yak
 15057 | Lair:2   | Killed a death yak
 15069 | Lair:2   | Killed a death yak
 15074 | Lair:2   | HP: 4/89 [death yak (15)]
 15075 | Lair:2   | Slain by a death yak

Illustrated notes

Levels and vault maps discovered:
D:1:      erik_arrival_triangle_large, layout_loops_ring
D:2:      layout_basic, serial_shops, nicolae_shop_stone, nicolae_shop_crystal,
          shapermc_ecumenical_altar_petra, uniq_terence, uniq_natasha
D:3:      layout_basic, nrook_mini_backslash, serial_bayou_pond_d,
          chequers_avenue
D:4:      layout_gridville, uniq_sigmund, uniq_pikel
D:5:      cheibrodos_iron_armory, layout_basic, serial_shops, shop,
          gup_sewer_entry_pipe
D:6:      layout_rooms, kennysheep_doodads, minmay_door_square,
          corexii_hall_statues_x
D:7:      layout_basic, minmay_temple_entry_offerings, grunt_decor_clamped
D:8:      minmay_chambers_of_sevens, layout_basic,
          grunt_lair_entry_orc_guard_hut
D:9:      layout_basic, mainiacjoe_overflow_cross_hatched
Lair:1:   layout_loops_ring
Lair:2:   layout_cave_pods, hibernation_bobbens

Skill      XL: |  1  2  3  4  5  6  7  8  9 10 11 |
---------------+----------------------------------+-----
Long Blades    | 2 3 4 5 6 8 9 10 | 10.8
Invocations    | 3 4 6 8 9 10 | 10.6
Spellcasting   | 1 2 3 5 6 |  6.2
Transmutations | 1 2 3 4 5 6 |  6.8
Fighting       | 4 5 6 7 8 9 |  9.0
Armour         | |  1.7
Dodging        | |  0.8

Action                   |  1- 3 |  4- 6 |  7- 9 | 10-12 || total
-------------------------+-------+-------+-------+-------++-------
Melee: Falchion          |   115 |   104 |       |       ||   219
       Kick              |     2 |    30 |     4 |       ||    36
       Headbutt          |     2 |     2 |       |       ||     4
       Bite              |       |    11 |    35 |    26 ||    72
       Double sword      |       |    37 |   299 |   168 ||   504
 Cast: Beastly Appendage |     2 |     2 |       |       ||     4
       Wereblood         |       |     3 |    12 |     6 ||    21
Invok: Depart the Abyss  |     1 |       |       |       ||     1
       Bend Space        |       |     1 |       |       ||     1
       Banish            |       |       |       |     6 ||     6
  Use: Scroll            |     2 |     6 |     1 |    12 ||    21
       Potion            |       |     5 |     1 |     2 ||     8
 Stab: Sleeping          |       |     4 |     3 |     1 ||     8
       Distracted        |       |     1 |       |       ||     1
Armor: Leather armour    |    48 |    35 |    13 |       ||    96
       Scale mail        |       |       |   172 |   124 ||   296
Dodge: Dodged            |   111 |    92 |   229 |   117 ||   549

Table legend: (Time is in decaauts)
 A = Elapsed time spent in this place.
 B = Non-inter-level travel time spent in this place.
 C = Inter-level travel time spent in this place.
 D = Time resting spent in this place.
 E = Time spent auto-exploring this place.
 F = Levels seen in this place.
 G = Mean time per level.
                   A        B        C        D        E       F      G
               +--------+--------+--------+--------+--------+-----+--------+
         Total |  15263 |  14850 |    413 |   6011 |   6800 |  16 |  953.9 |
       Dungeon |  12356 |  11963 |    393 |   4561 |   5918 |   9 | 1372.9 |
          Lair |   2446 |   2427 |     19 |   1450 |    763 |   2 | 1223.0 |
         Abyss |    141 |    141 |      0 |      0 |     43 |   4 |   35.2 |
         Sewer |    318 |    318 |      0 |      0 |     75 |   1 |  318.0 |
               +--------+--------+--------+--------+--------+-----+--------+

Top non-repeatable levels by time:
     D:8: 2984 daAuts
     D:2: 2634 daAuts
  Lair:1: 1899 daAuts
     D:4: 1513 daAuts
     D:1: 1471 daAuts
     D:7: 1261 daAuts
     D:3: 1009 daAuts
     D:5: 905 daAuts
  Lair:2: 547 daAuts
     D:6: 547 daAuts
   Sewer: 318 daAuts
 Abyss:1: 65 daAuts
 Abyss:2: 43 daAuts
 Abyss:4: 29 daAuts
     D:9: 27 daAuts
